 Dungeon Crawl Stone Soup version 0.19-a0-1740-g0bcaf2e (webtiles) character file.

25385 4thArraOfDagon the Grappler (level 12, -9/115 HPs)
             Began as a Troll Wanderer on Oct 2, 2016.
             Was the Champion of Okawaru.
             Killed from afar by a deep elf annihilator (39 damage)
             ... with a poison arrow
             ... on level 3 of the Elven Halls.
             The game lasted 00:29:10 (5024 turns).

4thArraOfDagon the Grappler (Troll Wanderer)        Turns: 5024, Time: 00:29:11

Health: -9/115     AC: 16    Str: 20    XL:     12   Next: 89%
Magic:  22/26      EV: 18    Int: 19    God:    Okawaru [******]
Gold:   258        SH: 13    Dex:  8    Spells: 0 memorised, 11 levels left

rFire  . . .     SeeInvis +       - Unarmed
rCold  x . .     Gourm    +     A - +0 troll leather armour
rNeg   . . .     Faith    .     y - +2 shield {AC+3}
rPois  .         Spirit   .     (helmet restricted)
rElec  +         Dismiss  .     u - +1 cloak
rCorr  .         Reflect  .     (gloves unavailable)
MR     .....     Harm     .     (boots unavailable)
Stlth  ++........               (no amulet)
                                E - ring "Kifruw" {rElec rC- MP+9 Str-2 Int+5}
                                G - ring of Amelioration {+Blink EV+4 SInv}

@: lethally poisoned (-9 -> -13), heroism, finesse
A: unfitting armour, claws 3, horns 1, thin metallic scales 1, fast metabolism
3, gourmand, regeneration 1, shaggy fur 2, tough skin 2, wild magic 1, evolution
1
a: Heroism, Finesse, Renounce Religion, Evoke Blink


You were on level 3 of the Elven Halls.
You worshipped Okawaru.
Okawaru was exalted by your worship.
You were full.

You visited 4 branches of the dungeon, and saw 17 of its levels.
You also visited: Bailey.

You collected 1136 gold pieces.
You spent 878 gold pieces at shops.

Inventory:

Hand Weapons
 b - the +6 giant spiked club of the Final Decision {crush, rF+ Str+4 Int-2, unknown}
   (Okawaru gifted it to you on level 3 of the Elven Halls)

   It inflicts extra damage upon your enemies.
   It affects your strength (+4).
   It affects your intelligence (-2).
   It protects you from fire.
Missiles
 D - 8 large rocks (quivered)
Armour
 u - a +1 cloak (worn)
 y - a +2 shield of protection (worn)
 A - a +0 troll leather armour (worn)
Jewellery
 g - an uncursed ring of flight
 n - an uncursed ring of ice
 o - an uncursed ring of wizardry
 p - a +3 ring of intelligence
 E - the ring "Kifruw" (right claw) {rElec rC- MP+9 Str-2 Int+5}
   (You acquired it on level 1 of the Orcish Mines)

   [ring of magical power]

   It affects your strength (-2).
   It affects your intelligence (+5).
   It makes you vulnerable to cold.
   It insulates you from electricity.
   It affects your magic capacity (+9).
 G - the ring of Amelioration (left claw) {+Blink EV+4 SInv}
   (You acquired it on level 2 of the Orcish Mines)

   [ring of evasion]

   It affects your evasion (+4).
   It lets you see invisible.
   It lets you blink.
 H - an uncursed ring of protection from fire
Wands
 a - a wand of slowing (19/48)
 j - a wand of lightning (0/15)
 m - a wand of acid (2/15)
 x - a wand of disintegration (18/24)
Scrolls
 c - 5 scrolls of teleportation
 h - a scroll of noise {unknown}
 i - 2 scrolls of remove curse
 k - a scroll of fog
 r - a scroll of enchant weapon
 t - 2 scrolls of blinking {unknown}
Potions
 q - 4 potions of curing
 s - a potion of mutation {unknown}
 v - 2 potions of resistance
 w - a potion of heal wounds
 z - 2 potions of lignification
 B - a potion of flight {unknown}
 C - a potion of magic
 F - a potion of agility
Comestibles
 f - 6 bread rations
 l - 6 meat rations


   Skills:
 + Level 6.8(11.8) Fighting
   Level 1.0(6.0) Long Blades
 - Level 2.6(7.6) Maces & Flails
 - Level 1.0(6.0) Throwing
 + Level 6.3(11.3) Dodging
 - Level 1.0(6.0) Stealth
 * Level 5.5(10.5) Shields
 * Level 14.6(19.6) Unarmed Combat
 + Level 9.0 Invocations


You had 11 spell levels left.
You didn't know any spells.

Dungeon Overview and Level Annotations

Branches:
Dungeon (11/15)            Temple (1/1) D:4             Orc (2/2) D:11
    Elf (3/3) Orc:2
   Lair: D:8-11

Altars:
Fedhas
Gozag
Okawaru
Sif Muna
Vehumet
Xom
Beogh

Shops:
D:8 [(   Orc:2 *?!

Annotations:
D:7 2 exclusions


Innate Abilities, Weirdness & Mutations

You are too large for most types of armour.
You have claws for hands.
Your metabolism is lightning-fast.
You like to eat raw meat.
Your natural rate of healing is unusually fast.
You are covered in thick fur. (AC +2)
You have very tough skin. (AC +2)
You have a pair of small horns on your head.
You are partially covered in thin metallic scales. (AC +2)
Your spells are a little harder to cast, but a little more powerful.
You evolve.


Message History

Unknown command.
You mangle the deep elf annihilator!!
The deep elf annihilator is moderately wounded.
You hear a shout!
You block the earth elemental's attack.
You hear a shout!
Unknown command.
Unknown command.
You scratch the deep elf annihilator.
Your headbutt misses the deep elf annihilator.
The deep elf annihilator is heavily wounded.
The earth elemental barely misses you.
Unknown command.
You closely miss the deep elf annihilator.
The deep elf annihilator is heavily wounded.
The earth elemental disappears in a puff of smoke!
The deep elf annihilator gestures at you while chanting.
The poison arrow hits you!
You are poisoned.
You die...

#....e.. #...)e.
#...e. #..e## #...##
#...## ## ###.e.#
..##
#E##e###########...#
#EE@).##............
#EE§E....# ##.......
#..E.###.###........
########.##........#
#..<..............
#.#########.......
#. ##.....# #.
##....## ####
######..).##


You could see a deep elf annihilator, a deep elf elementalist and 7 earth
elementals.

Vanquished Creatures
  A deep elf sorcerer (Elf:3)
  An orc warlord (Orc:2)
  A deep elf demonologist (Elf:3)
  A deep elf death mage (Elf:3)
  4 orc high priests
  3 deep elf knights
  3 orc knights
  4 deep elf archers
  8 deep elf magi
  2 cyclopes
  Maurice (D:9)
  A kobold demonologist (Bailey)
  4 trolls
  Grinder (D:4)
  2 two-headed ogres (Orc:2)
  The ghost of Amnesiac the Thaumaturge, an amateur DEEE (D:4)
  A fire elemental (Elf:3)
  A hungry ghost (D:10)
  2 wargs
  34 orc warriors
  2 ice beasts
  2 phantoms
  2 sky beasts
  7 ogres
  A necrophage (D:9)
  A centaur (D:5)
  A bullfrog (D:10)
  A water moccasin zombie (D:9)
  A scorpion (D:9)
  3 killer bees (D:7)
  14 wights
  2 electric eels (Bailey)
  A howler monkey (D:4)
  A crimson imp (D:6)
  4 hounds
  2 bullfrog skeletons (D:4)
  A bullfrog zombie (D:8)
  2 jellies
  21 orc priests
  Crazy Yiuf (D:6)
  A centaur skeleton (D:8)
  16 orc wizards
  3 worker ants
  3 iguanas
  A worker ant zombie (D:11)
  10 gnolls
  2 river rats (D:11)
  4 adders
  A shadow imp (D:5)
  An adder skeleton (D:4)
  2 worms
  102 orcs
  4 giant cockroaches
  10 goblins
  7 hobgoblins (Bailey)
  2 jackals
  2 quokkas (D:7)
  7 bats
  3 kobolds (D:2)
  A quokka skeleton (D:6)
  12 rats
340 creatures vanquished.

Vanquished Creatures (others)
  An orc (Bailey)
1 creature vanquished.

Grand Total: 341 creatures vanquished

Notes
Turn   | Place    | Note
-------+----------+-------------------------------------------
     0 | D:1      | 4thArraOfDagon the Troll Wanderer began the quest for the Orb.
     0 | D:1      | 4thArraOfDagon set off with: a +2 falchion, a +0 mace, a scroll of teleportation, a +0 robe, 2 bread rations
     0 | D:1      | Reached XP level 1. HP: 22/22 MP: 0/0
    53 | D:2      | Reached skill level 1 in Unarmed Combat
    53 | D:2      | Reached XP level 2. HP: 29/29 MP: 1/1
   148 | D:2      | Reached skill level 2 in Unarmed Combat
   377 | D:4      | Noticed Amnesiac's ghost (amateur DEEE)
   393 | D:4      | Killed Amnesiac's ghost
   393 | D:4      | Reached skill level 5 in Unarmed Combat
   393 | D:4      | Reached XP level 3. HP: 33/36 MP: 2/2
   393 | D:4      | Reached XP level 4. HP: 40/44 MP: 3/3
   393 | D:4      | Reached XP level 5. HP: 46/50 MP: 4/4
   477 | D:5      | Entered Level 5 of the Dungeon
   512 | D:5      | Reached XP level 6. HP: 31/59 MP: 5/5
   591 | D:6      | Noticed an orc warrior
   595 | D:6      | Reached skill level 6 in Unarmed Combat
   600 | D:6      | Killed an orc warrior
   657 | D:6      | Found a radiant altar of Vehumet.
   723 | D:4      | Reached skill level 7 in Unarmed Combat
   735 | D:4      | Reached XP level 7. HP: 61/66 MP: 6/6
   802 | D:4      | Noticed Grinder
   808 | D:4      | Found a staircase to the Ecumenical Temple.
   818 | Temple   | Entered the Ecumenical Temple
   847 | Temple   | Became a worshipper of Warmaster Okawaru
   882 | D:4      | Killed Grinder
   882 | D:4      | Reached skill level 8 in Unarmed Combat
   882 | D:4      | Reached skill level 1 in Invocations
   944 | D:4      | Reached * piety under Okawaru
  1088 | D:5      | Reached XP level 8. HP: 55/74 MP: 7/9
  1113 | D:5      | Reached skill level 9 in Unarmed Combat
  1216 | D:6      | Noticed a troll
  1220 | D:6      | Reached ** piety under Okawaru
  1222 | D:6      | Killed a troll
  1277 | D:6      | Reached skill level 10 in Unarmed Combat
  1361 | D:7      | Reached XP level 9. HP: 54/80 MP: 11/11
  1383 | D:7      | Reached *** piety under Okawaru
  1466 | D:6      | Found a runed door.
  1470 | D:6      | Noticed Crazy Yiuf
  1474 | D:6      | Killed Crazy Yiuf
  1524 | D:7      | Found a shimmering altar of Xom.
  1524 | D:7      | Found a shimmering altar of Xom.
  1524 | D:7      | Found a shimmering altar of Xom.
  1525 | D:7      | Found a shimmering altar of Xom.
  1525 | D:7      | Found a shimmering altar of Xom.
  1525 | D:7      | Found a shimmering altar of Xom.
  1773 | D:8      | Reached skill level 5 in Invocations
  1827 | D:8      | Reached skill level 11 in Unarmed Combat
  1848 | D:8      | Found Lenic's Weapon Emporium.
  1881 | D:9      | Found an opulent altar of Gozag.
  1982 | D:8      | Found Giott's Armour Boutique.
  2091 | D:9      | Noticed Maurice
  2101 | D:9      | Killed Maurice
  2140 | D:10     | Entered Level 10 of the Dungeon
  2158 | D:9      | Reached **** piety under Okawaru
  2448 | D:10     | Noticed a troll
  2453 | D:10     | Killed a troll
  2453 | D:10     | Reached XP level 10. HP: 90/90 MP: 10/13
  2581 | D:11     | Gained mutation: You evolve. [mutagenic meat]
  2584 | D:11     | Gained mutation: You have a pair of small horns on your head. [mutagenic meat]
  2587 | D:11     | Gained mutation: You are covered in thick fur. (AC +2) [mutagenic meat]
  2590 | D:11     | Gained mutation: You are partially covered in thin metallic scales. (AC +2) [mutagenic meat]
  2593 | D:11     | Gained mutation: Your spells are a little harder to cast, but a little more powerful. [mutagenic meat]
  2597 | D:11     | Noticed a cyclops
  2629 | D:11     | Killed a cyclops
  2629 | D:11     | Reached skill level 12 in Unarmed Combat
  2800 | D:11     | Found a staircase to the Orcish Mines.
  2829 | Orc:1    | Entered Level 1 of the Orcish Mines
  2867 | Orc:1    | Identified a scroll of acquirement
  2868 | Orc:1    | Got a vibrating bone ring
  2870 | Orc:1    | Identified the ring "Kifruw" {rElec rC- MP+9 Str-2 Int+5} (You acquired it on level 1 of the Orcish Mines)
  2905 | Orc:2    | Entered Level 2 of the Orcish Mines
  2943 | Orc:1    | Found a flagged portal.
  2950 | Bailey   | Entered a bailey
  2979 | Bailey   | Found an iron altar of Okawaru.
  2979 | Bailey   | Noticed an orc high priest
  2989 | Bailey   | Killed an orc high priest
  2991 | Bailey   | Noticed a soul eater
  3114 | Bailey   | Noticed an orc knight
  3134 | Bailey   | Killed an orc knight
  3134 | Bailey   | Reached ***** piety under Okawaru
  3360 | Orc:1    | Noticed a cyclops
  3382 | Orc:1    | Killed a cyclops
  3394 | Orc:1    | Reached XP level 11. HP: 89/100 MP: 15/15
  3459 | Orc:2    | Reached skill level 13 in Unarmed Combat
  3659 | Orc:2    | Reached skill level 5 in Fighting
  3677 | Orc:2    | Found Mifruem's Assorted Antiques.
  3677 | Orc:2    | Noticed an orc knight
  3687 | Orc:2    | Killed an orc knight
  3692 | Orc:2    | Bought a smoky orange potion for 20 gold pieces
  3698 | Orc:2    | Found Ridoat's Book Shoppe.
  3698 | Orc:2    | Noticed an orc knight
  3714 | Orc:2    | Killed an orc knight
  3866 | Orc:2    | Received a gift from Okawaru
  3914 | Orc:2    | Noticed an orc warlord
  3928 | Orc:2    | Killed an orc warlord
  3928 | Orc:2    | Reached skill level 1 in Shields
  3936 | Orc:2    | Reached skill level 5 in Dodging
  3981 | Orc:2    | Found a roughly hewn altar of Beogh.
  4015 | Orc:2    | Noticed an orc high priest
  4025 | Orc:2    | Killed an orc high priest
  4049 | Orc:2    | Noticed an orc high priest
  4134 | Orc:2    | Noticed an orc high priest
  4134 | Orc:2    | Found Yhewniv's Magic Scroll Boutique.
  4151 | Orc:2    | Killed an orc high priest
  4184 | Orc:2    | Noticed an orc high priest
  4185 | Orc:2    | Found Guppoy's Distillery.
  4190 | Orc:2    | Killed an orc high priest
  4204 | Orc:2    | Bought a potion of lignification for 39 gold pieces
  4204 | Orc:2    | Bought a potion of curing for 39 gold pieces
  4204 | Orc:2    | Bought a potion of agility for 52 gold pieces
  4231 | Orc:2    | Bought a scroll of acquirement for 728 gold pieces
  4232 | Orc:2    | Got a bound silver ring
  4234 | Orc:2    | Identified the ring of Amelioration {+Blink EV+4 SInv} (You acquired it on level 2 of the Orcish Mines)
  4357 | Orc:2    | Reached XP level 12. HP: 106/112 MP: 17/17
  4390 | Orc:2    | Found a staircase to the Elven Halls.
  4400 | Elf:1    | Entered Level 1 of the Elven Halls
  4425 | Elf:2    | Received a gift from Okawaru
  4458 | Elf:2    | Reached skill level 14 in Unarmed Combat
  4536 | Elf:2    | Noticed a deep elf annihilator
  4536 | Elf:3    | Entered Level 3 of the Elven Halls
  4738 | Elf:3    | Received a gift from Okawaru
  4741 | Elf:3    | Got a transparent giant spiked club {god gift}
  4972 | Elf:3    | Reached ****** piety under Okawaru
  4972 | Elf:3    | Reached skill level 5 in Shields
  4978 | Elf:3    | Noticed a deep elf sorcerer
  4979 | Elf:3    | Noticed a deep elf death mage
  4980 | Elf:3    | Noticed a deep elf death mage
  4980 | Elf:3    | Noticed a deep elf elementalist
  4980 | Elf:3    | Noticed a deep elf elementalist
  4984 | Elf:3    | Noticed a deep elf demonologist
  5000 | Elf:3    | Killed a deep elf death mage
  5004 | Elf:3    | Killed a deep elf sorcerer
  5009 | Elf:3    | Killed a ghostly deep elf death mage
  5018 | Elf:3    | Killed a deep elf demonologist
  5022 | Elf:3    | Noticed a deep elf annihilator
  5024 | Elf:3    | Killed from afar by a deep elf annihilator

Vault maps used:
D:1:      lordsloth_arrival_two_stooges, serial_forest,
          infiniplex_forest_straight_3, infiniplex_forest_lined_3,
          infiniplex_forest_lined_2, infiniplex_forest_lined_4_way,
          infiniplex_forest_zigzag_1, infiniplex_forest_end_2,
          infiniplex_forest_straight_2, nemelex_xobeh_ov_fountains_minmay
D:2:      lemuel_crystal_altar, st_stairs_1, grunt_decor_resistance,
          grunt_ministairs_3
D:3:      overflow_temple_1_default
D:4:      minivault_27, kennysheep_pointless_box, grunt_ministairs_1,
          kennysheep_generic_room_14, uniq_grinder
D:5:      first_bread, kennysheep_generic_room_8
D:6:      vehumet_crystals, uniq_crazy_yiuf_cottage, uniq_eustachio
D:7:      lemuel_coloured_pillars_altar, kennysheep_mini_moat, xom_redecorated
D:8:      serial_shops, shop, nicolae_shop_behind_doors, shop_fountains, shop
D:9:      nicolae_gozag_cash_rules_everything_around_me, hangedman_minor_magic,
          uniq_maurice
D:10:     kennysheep_cross_room
D:11:     grunt_lair_entry_orc_guard_hut, orc_0_dummy
Temple:   regret_index_temple_generic_petals
Orc:1:    enter_bailey_2, mines3_lemuel
Orc:2:    pubby_orc_utopia
Elf:1:    hangedman_elf_disciples, grunt_ministairs_7
Elf:2:    uniq_asterion
Elf:3:    grunt_elf_hall_asides, serial_co_window_serial, co_window_corner_a,
          co_window_of_opportunity_a, co_window_paths_a, co_window_cross_1,
          co_window_paths_a, co_window_paths_a, co_window_corner_a,
          co_window_corner_b, co_window_of_opportunity_b, co_window_paths_c,
          co_window_paths_e, glass_columns_b, glass_columns_b, glass_columns_a,
          serial_shops, nicolae_shop_stone
Bailey:   bailey_axe_of_yendor_kennysheep, bailey

Skill      XL: |  1  2  3  4  5  6  7  8  9 10 11 12 |
---------------+-------------------------------------+-----
Unarmed Combat | 1 5 7 8 10 11 12 13 14 | 14.6
Invocations    | 2 4 6 7 8 9 |  9.0
Fighting       | 3 4 5 6 |  6.8
Dodging        | 2 4 5 6 |  6.3
Shields        | 3 5 |  5.5
Long Blades    | |  1.0
Maces & Flails | |  2.6
Throwing       | |  1.0
Stealth        | |  1.0

Action                   |  1- 3 |  4- 6 |  7- 9 | 10-12 || total
-------------------------+-------+-------+-------+-------++-------
Melee: Unarmed           |    40 |    51 |   301 |   668 ||  1060
       Punch             |       |     3 |     7 |    23 ||    33
       Headbutt          |       |       |       |    78 ||    78
Invok: Heroism           |       |       |     1 |    20 ||    21
       Finesse           |       |       |       |     2 ||     2
Evoke: Wand              |       |       |     8 |     9 ||    17
  Use: Scroll            |       |       |     2 |    17 ||    19
       Potion            |       |       |       |     1 ||     1
  Eat: Chunk             |     4 |     6 |    21 |    27 ||    58
Armor: Robe              |    55 |     8 |    70 |    45 ||   178
       Troll leather arm |       |       |       |   161 ||   161
Dodge: Dodged            |    59 |    12 |   126 |   255 ||   452
Block: Shield            |       |       |       |   124 ||   124
